 Dungeon Crawl Stone Soup version 0.24-a0-218-ga595e75 (console) character file.

Game seed: 6720634493850496177

50 bli the Shooter (level 3, 0/23 HPs)
             Began as an Octopode Wanderer on Mar 30, 2019.
             Slain by a bat (1 damage)
             ... on level 2 of the Dungeon.
             The game lasted 00:05:02 (1156 turns).

bli the Shooter (Octopode Wanderer)                 Turns: 1156, Time: 00:05:03

Health: 0/23       AC:  1    Str: 13    XL:     3   Next: 79%
Magic:  3/6        EV: 12    Int: 14    God:
Gold:   26         SH:  0    Dex: 10    Spells: 6/7 levels left

rFire    . . .     SeeInvis .   a - +2 dagger
rCold    . . .     Gourm    .   (no shield)
rNeg     . . .     Faith    .   (helmet restricted)
rPois    .         Spirit   .   (no amulet)
rElec    .         Reflect  .   (no ring)
rCorr    .         Harm     .   (no ring)
MR       .....                  (no ring)
Stlth    +++.......             (no ring)
HPRegen  0.07/turn              (no ring)
MPRegen  0.10/turn              (no ring)
                                (no ring)
                                (no ring)

@: lethally poisoned (0 -> -4), very slightly contaminated, hasted, very quick
A: almost no armour, stealthy swim, amphibious, 8 rings, constrict 8, camouflage
1, gelatinous body 1
a: no special abilities


You were on level 2 of the Dungeon.
You were not hungry.

You visited 1 branch of the dungeon, and saw 2 of its levels.

You collected 26 gold pieces.

Inventory:

Hand Weapons
 a - a +2 dagger (weapon)
Missiles
 e - 13 arrows
 g - 28 stones (quivered)
Scrolls
 h - a scroll of identify {unknown}
 i - a scroll of random uselessness {unknown}
 j - 2 scrolls of magic mapping {unknown}
Comestibles
 c - 4 chunks of flesh
 f - 2 rations


   Skills:
 - Level 1.0 Fighting
   Level 4.0 Bows
 + Level 0.2 Dodging
 - Level 2.6 Stealth
 * Level 2.5 Spellcasting
 + Level 0.5 Conjurations
   Level 1.0 Charms
   Level 1.0 Summonings
 * Level 2.0 Poison Magic


You had 6 spell levels left.
You knew the following spells:

 Your Spells              Type           Power        Failure   Level  Hunger
a - Sting                 Conj/Pois      #...         14%         1    #......

Your spell library contained the following spells:

 Spells                   Type           Power        Failure   Level  Hunger
 Ignite Poison            Fire/Tmut/Pois #.......     45%         3    ###....


Dungeon Overview and Level Annotations

Branches:
Dungeon (2/15)

Altars:


Innate Abilities, Weirdness & Mutations

You cannot wear most types of armour.
You are very stealthy in the water. (Stealth+)
You are amphibious.
You can wear up to eight rings at the same time.
You can use your tentacles to constrict eight enemies at once.
Your skin changes colour to match your surroundings (Stealth+).
Your rubbery body absorbs attacks. (AC +1, EV +1)


Message History

The adder is severely wounded.
The adder closely misses you. The adder bites you.
* * * LOW HITPOINT WARNING * * *
You are lethally poisoned!
The adder poisons you!
You hit the adder. You grab the adder.
The adder is almost dead.
You constrict the adder.
You kill the adder!
* * * LOW HITPOINT WARNING * * *
You feel sick. The giant cockroach bites you.
* * * LOW HITPOINT WARNING * * *
The adder bites you but does no damage. The bat barely misses you.
You hit the adder.
You kill the adder!
Your Poison Magic skill increases to level 2!
The bat closely misses you. x2
The giant cockroach completely misses you.
You barely miss the giant cockroach. Your grab misses the giant cockroach.
The bat hits you.
You die...

## . #. #. ####..
.###......
..#...##.
#########........
......>..<)#.##
.<.......#s...#
.........b@#....#
.........### .#..
......)..# # .
.........#
.........#
..........
..........
.###...[..#


You could see a giant cockroach and a bat.

Vanquished Creatures
  2 adders (D:2)
  A dart slug (D:1)
  3 leopard geckos (D:1)
  A giant cockroach (D:1)
  2 goblins
  6 hobgoblins (D:1)
  3 kobolds (D:1)
  6 bats (D:1)
  2 frilled lizards
  2 rats (D:1)
28 creatures vanquished.

Notes
Turn   | Place    | Note
-------+----------+-------------------------------------------
     0 | D:1      | bli the Octopode Wanderer began the quest for the Orb.
     0 | D:1      | bli set off with the following items: a +2 dagger, a potion
                  | of haste, a potion of curing, a ration; and the following
                  | spell memorised: Sting; and the following spells available
                  | to memorise: Ignite Poison
     0 | D:1      | Reached XP level 1. HP: 13/13 MP: 2/2
   440 | D:1      | Reached XP level 2. HP: 11/18 MP: 2/4
   565 | D:1      | Reached skill level 1 in Poison Magic
   821 | D:1      | Reached XP level 3. HP: 23/23 MP: 3/6
  1154 | D:2      | HP: 1/23 [giant cockroach (1)]
  1156 | D:2      | Slain by a bat

Levels and vault maps discovered:
D:1:      dpeg_arrival_rooms_a, layout_basic
D:2:      layout_rooms, uniq_natasha

Skill      XL: |  1  2  3 |
---------------+----------+-----
Poison Magic   | 1 2 |  2.0
Spellcasting   | 2 |  2.5
Fighting       | |  1.0
Bows           | |  4.0
Dodging        | |  0.2
Stealth        | |  2.6
Conjurations   | |  0.5
Charms         | |  1.0
Summonings     | |  1.0

Action                   || total
-------------------------++-------
Melee: Dagger            ||    51
       Constrict         ||     8
       Tentacles         ||     1
 Cast: Sting             ||    21
  Use: Potion            ||     2
 Stab: Sleeping          ||     2
  Eat: Chunk             ||     1
Armor: Skin              ||     7
Dodge: Dodged            ||    57

Table legend:
 A = Non-vault XP
 B = Vault XP
 C = Vault XP percentage of total XP
 D = Non-vault monster count
 E = Vault monster count
 F = Vault count percentage of total count
                 A         B        C        D         E       F
            +---------+---------+-------+---------+---------+-------
      Total |      72 |       0 |   0.0 |      28 |       0 |   0.0
            +---------+---------+-------+---------+---------+-------
        D:1 |      44 |       0 |   0.0 |      24 |       0 |   0.0
        D:2 |      28 |       0 |   0.0 |       4 |       0 |   0.0
            +---------+---------+-------+---------+---------+-------
